 Dungeon Crawl Stone Soup version 0.30.0-5-g1a98f26d00 (webtiles) character file.

Game seed: 14517286514558334407

182 RapScallion the Chopper (level 5, 0/51 (69) HPs)
             Began as a Hill Orc Reaver on May 12, 2023.
             Slain by an orc wizard
             ... wielding a +0 dagger
              (2 damage)
             ... on level 4 of the Dungeon.
             The game lasted 00:16:35 (3393 turns).

RapScallion the Chopper (Hill Orc Reaver)           Turns: 3393, Time: 00:16:36

HP:   0/51 (69)     AC:  4    Str: 15    XL:     5   Next: 61%
MP:   16/16         EV: 11    Int: 15    God:
Gold: 188           SH:  0    Dex: 15    Spells: 6/7 levels left

rFire   . . .        a - +0 hand axe
rCold   . . .        (no shield)
rNeg    . . .        b - +0 leather armour
rPois   .            (no helmet)
rElec   .            (no cloak)
rCorr   .            (no gloves)
SInv    .            w - +0 pair of boots
Will    .....        (no amulet) Stlth
                     j - +6 ring of dexterity
HPRegen 0.28/turn    p - ring of magical power
MPRegen 0.15/turn

%: no passive effects
@: berserking, very heavily drained, very quick
A: no striking features
a: no special abilities


You were on level 4 of the Dungeon.
You visited 1 branch of the dungeon, and saw 4 of its levels.

You collected 214 gold pieces.
You spent 26 gold pieces at shops.

Inventory:

Hand Weapons
 a - a +0 hand axe (weapon)
 t - a +0 falchion of electrocution
Armour
 b - a +0 leather armour (worn)
 w - a +0 pair of boots (worn)
Jewellery
 j - a +6 ring of dexterity (left hand)
 p - a ring of magical power (right hand)
Wands
 x - a wand of polymorph (12)
Scrolls
 h - 4 scrolls of teleportation
 i - a scroll of magic mapping {unknown}
 l - a scroll of enchant armour {unknown}
 m - a scroll of enchant weapon {unknown}
 n - 2 scrolls of torment
 r - a scroll of vulnerability {unknown}
 s - a scroll of poison {unknown}
 u - 4 scrolls of noise {unknown}
Potions
 c - a potion of lignification
 d - a potion of berserk rage
 e - 3 potions of invisibility {unknown}
 f - a potion of curing
 g - a potion of might {unknown}
 k - 3 potions of haste
 o - 2 potions of resistance
 q - a potion of cancellation {unknown}
 v - 3 potions of mutation {unknown}


   Skills:
 + Level 3.9 Fighting
 + Level 6.6 Axes
 - Level 1.5 Dodging
 + Level 1.8 Spellcasting
 + Level 3.5 Conjurations


You had 6 spell levels left.
You knew the following spells:

 Your Spells              Type           Power      Damage    Failure   Level
a - Kiss of Death         Conj/Necr      24%        2d7       14%         1

Your spell library contained the following spells:

 Spells                   Type           Power      Damage    Failure   Level
 Momentum Strike          Conj/Tloc      12%        3d8       21%         2
 Sandblast                Erth           2%         2d4       28%         1
 Passwall                 Tmut/Erth      0%         N/A       38%         2
 Hailstorm                Conj/Ice       6%         3d4       38%         3
 Stone Arrow              Conj/Erth      12%        3d7       38%         3


Dungeon Overview and Level Annotations

Branches:
Dungeon (4/15)
 Temple: D:4-7

Altars:
Vehumet

Shops:
D:3 *


Message History

The orc wizard gestures wildly while chanting.
The orc wizard flickers and vanishes!
Deactivating autopickup; reactivate with Ctrl-A.
Something hits you but does no damage.
You slash the orc!
You kill the orc!
You closely miss something. Something hits you but does no damage.
Something hits you but does no damage. The orc hits you with a +0 club.
You see here a +0 flail.
You closely miss the orc. You completely miss the orc.
You hit something but do no damage. Something hits you.
The orc closely misses you. The orc hits you with a +0 hand axe.
You hit the orc.
The orc is moderately wounded.
You hit something. You hit the orc. Something hits you.
The orc hits you with a +0 club. The orc closely misses you.
You barely miss something. You closely miss the orc. You barely miss the orc.
Something hits you. The orc hits you with a +0 club.
The orc hits you with a +0 hand axe.
You hit something. You hit the orc. You closely miss the orc.
Something hits you.
* * * LOW HITPOINT WARNING * * *
The orc hits you with a +0 club.
* * * LOW HITPOINT WARNING * * *
The orc closely misses you.
You slash something! You hit the orc.
You kill the orc!
You barely miss the orc. Something hits you but does no damage.
The orc closely misses you.
A red film seems to cover your vision as you go berserk!
You feel yourself moving faster!
You feel mighty!
You hear some strange, mumbled words.
A magic dart appears from out of thin air!
The magic dart hits you!
* * * LOW HITPOINT WARNING * * *
The orc misses you.
You miss something. You slash the orc!
You kill the orc!
You barely miss something. Something hits you.
You die...

......###................#######.
.####...#.####...................
.# ###..<# #..............#####.
.########.###....................
[....####.........<........#####.
.###......###..............#####.
....##..### #.................##.
.##.##..######.))...........^....
.##.###.........@{..............#
.##.###.#..######.########...##.#
.##..##.....###..............#..#
...#.#...........................
...#........######..#######..#.##
.#.##.#.....# #.......##..#.#
......##...#######..####.......##
##)...##.........##.# #..........
##........#>....(##.###.#...<.†#.


There were no monsters in sight!

Vanquished Creatures
  An orc wizard (D:3)
  A sleepcap (D:4)
  3 adders
  2 dart slugs (D:2)
  11 orcs
  7 ball pythons
  11 bats
  9 endoplasms
  3 giant cockroaches
  7 hobgoblins
  3 quokkas
  2 frilled lizards (D:1)
  12 goblins
  5 kobolds
  6 rats
83 creatures vanquished.

Notes
Turn   | Place    | Note
-------+----------+-------------------------------------------
     0 | D:1      | RapScallion the Hill Orc Reaver began the quest for the
                  | Orb.
     0 | D:1      | Reached XP level 1. HP: 18/18 MP: 3/3
   136 | D:1      | Reached XP level 2. HP: 22/25 MP: 4/4
   487 | D:1      | Reached XP level 3. HP: 25/30 MP: 5/5
  1081 | D:2      | Reached skill level 5 in Axes
  1207 | D:2      | Reached XP level 4. HP: 11/37 MP: 6/6
  2191 | D:3      | Reached skill level 6 in Axes
  2191 | D:3      | Reached XP level 5. HP: 23/45 MP: 7/7
  2332 | D:3      | Found Ickap's General Store.
  2353 | D:3      | Bought a scroll of identify for 26 gold pieces
  3122 | D:4      | Found a radiant altar of Vehumet.
  3391 | D:4      | HP: 2/51 [something/magic dart (7)]
  3393 | D:4      | Slain by an orc wizard

Illustrated notes

Levels and vault maps discovered:
D:1:      ncdulo_wetmaze, layout_basic, serial_bayou_lagoon_a
D:2:      layout_loops_ring, minmay_split_cup_small
D:3:      layout_loops_ring, serial_shops, shop
D:4:      layout_rooms, fiery_altar_vehumet

Skill      XL: |  1  2  3  4 |
---------------+-------------+-----
Axes           | 5 6 |  6.6
Fighting       | 3 |  3.9
Dodging        | |  1.5
Spellcasting   | |  1.8
Conjurations   | |  3.5

Action                     |  1- 3 |  4- 6 || total
---------------------------+-------+-------++-------
  Melee: Hand axe          |   128 |   135 ||   263
         Punch             |       |     1 ||     1
   Cast: Kiss of Death     |       |     2 ||     2
    Use: Potion            |     1 |     1 ||     2
         Scroll            |       |     6 ||     6
   Stab: Sleeping          |       |     1 ||     1
 Armour: Leather armour    |    55 |    30 ||    85
  Dodge: Dodged            |    95 |    72 ||   167
